 Dungeon Crawl Stone Soup version 0.31-a0-161-gb58dd9be76 (webtiles) character file.

Game seed: 8871146008553299174

27 IdlyInterested the Trooper (level 2, 0/24 HPs)
             Began as a Demonspawn Fighter on June 12, 2023.
             Slain by a worm (7 damage)
             ... on level 2 of the Dungeon.
             The game lasted 00:03:12 (920 turns).

IdlyInterested the Trooper (Demonspawn Fighter)      Turns: 920, Time: 00:03:13

Health: 0/24       AC:  6    Str: 16    XL:     2   Next: 93%
Magic:  2/2        EV:  9    Int:  9    God:
Gold:   55         SH:  4    Dex: 12    Spells: 1/1 levels left

rFire   . . .        a - +0 flail
rCold   . . .        c - +0 buckler
rNeg    . . .        b - +0 scale mail
rPois   .            (no helmet)
rElec   .            (no cloak)
rCorr   .            (no gloves)
SInv    .            (no boots)
Will    .....        (no amulet) Stlth
                     (no ring)
HPRegen 0.24/turn    (no ring)
MPRegen 0.08/turn

%: no passive effects
@: no status effects
A: powered by pain 1
a: no special abilities


You were on level 2 of the Dungeon.
You visited 1 branch of the dungeon, and saw 2 of its levels.

You collected 55 gold pieces.

Inventory:

Hand Weapons
 a - a +0 flail (weapon)
 f - a +0 dagger of electrocution
 h - a +1 vampiric dagger
 n - a +0 dagger of venom
Missiles
 e - 10 stones (quivered)
Armour
 b - a +0 scale mail (worn)
 c - a +0 buckler (worn)
Scrolls
 j - a scroll of teleportation
Potions
 d - a potion of might
 g - 2 potions of curing {unknown}
 k - a potion of heal wounds


   Skills:
 - Level 3.0 Fighting
 * Level 2.7 Maces & Flails
 - Level 3.0 Armour
 + Level 0.5 Dodging
 - Level 2.6 Shields


You had one spell level left.
You didn't know any spells.
Your spell library was empty.

Dungeon Overview and Level Annotations

Branches:
Dungeon (2/15)

Altars:
Ru


Innate Abilities, Weirdness & Mutations

You sometimes gain a little power by taking damage.


Message History

You feel strangely unstable.
It was a scroll of teleportation.
As you read the scroll labelled ANYODA JASOQ, it crumbles to dust.
You assume a fearsome visage.
Nothing appears to happen.
It was a scroll of fear.
As you read the scroll labelled LAABEE QAFOFOLL, it crumbles to dust.
You feel aware of your surroundings.
You sensed 1 altar.
It was a scroll of revelation.
As you read the scroll labelled QAITUERO RIARA, it crumbles to dust.
It is a scroll of identify.
k - a potion of heal wounds Your surroundings suddenly seem different.
A worm comes into view.
Found a scroll of teleportation and a book of Air.
Found an escape hatch in the floor.
You hit the worm.
The worm is lightly wounded.
The worm bites you but does no damage.
You barely miss the worm.
The worm is lightly wounded.
The worm barely misses you.
You hit the worm but do no damage.
The worm is lightly wounded.
You barely miss the worm.
The worm is lightly wounded.
The worm bites you!
You hit the worm but do no damage. The worm bites you.
You barely miss the worm. The worm bites you but does no damage.
You barely miss the worm. You barely miss the worm.
The worm closely misses you.
You sock the worm!
The worm is heavily wounded.
The worm bites you.
You hit the worm.
The worm is heavily wounded.
The worm bites you!
* * * LOW HITPOINT WARNING * * *
You thump the worm!
The worm is almost dead.
The worm bites you!
You die...

,*
*,***##.:....^##
#....# ,* *,*
#.........#
###### ******,*
#.........#
,,,,,,,*
#.........#
,,,,,,,*
#.....?...#
,,,,,,,*
#.........#
,,,,,,,*
#.........#
,,,,,,,*
#.........#
,,,,,,,*
#.....@...#
,,,,,,,*
#.....w...#
,,,>,,,*
#.........#
,,,,,,,*
##.>.....##
,,,,,,,*
##.....##
******** #######


You could see a worm.

Vanquished Creatures
  2 ball pythons (D:1)
  4 bats (D:1)
  An endoplasm (D:1)
  A giant cockroach (D:1)
  5 goblins
  2 hobgoblins (D:1)
  4 jackals (D:1)
  3 frilled lizards (D:1)
22 creatures vanquished.

Notes
Turn   | Place    | Note
-------+----------+-------------------------------------------
     0 | D:1      | IdlyInterested the Demonspawn Fighter began the quest for
                  | the Orb.
     0 | D:1      | Reached XP level 1. HP: 18/18 MP: 1/1
   159 | D:1      | Gained mutation: You sometimes gain a little power by
                  | taking damage. [demonic ancestry]
   159 | D:1      | Reached XP level 2. HP: 24/24 MP: 2/2
   907 | D:2      | Found a sacrificial altar of Ru.
   920 | D:2      | Slain by a worm

Illustrated notes

Levels and vault maps discovered:
D:1:      amcnicky_arrival_single_pillar, layout_loops_ring,
          hangedman_abyss_or_decor_lesser_grid, minmay_misc_feat_encased
D:2:      kennysheep_the_goblin_king, layout_rooms, basic_altar

Skill      XL: |  1  2 |
---------------+-------+-----
Maces & Flails | 2 |  2.7
Armour         | 3 |  3.0
Fighting       | |  3.0
Dodging        | |  0.5
Shields        | |  2.6

Action                     || total
---------------------------++-------
  Melee: Flail             ||    79
    Use: Scroll            ||     4
 Armour: Scale mail        ||    39
  Dodge: Dodged            ||    39
  Block: Buckler           ||    19

Table legend: (Time is in decaauts)
 A = Elapsed time spent in this place.
 B = Non-inter-level travel time spent in this place.
 C = Inter-level travel time spent in this place.
 D = Time resting spent in this place.
 E = Time spent auto-exploring this place.
 F = Levels seen in this place.
 G = Mean time per level.
                   A        B        C        D        E       F      G
               +--------+--------+--------+--------+--------+-----+--------+
         Total |    944 |    832 |    112 |     58 |    516 |   2 |  472.0 |
       Dungeon |    944 |    832 |    112 |     58 |    516 |   2 |  472.0 |
               +--------+--------+--------+--------+--------+-----+--------+

Top non-repeatable levels by time:
     D:1: 898 daAuts
     D:2: 46 daAuts
